 Dungeon Crawl Stone Soup version 0.22.1-2-g9c5b331383 (webtiles) character file.

7687 Peloso the Carver (level 11, -2/97 HPs)
             Began as a Minotaur Fighter on Dec 24, 2018.
             Was a High Priest of Okawaru.
             Slain by an unseen horror (3 damage)
             ... on level 9 of the Dungeon.
             The game lasted 00:21:22 (10349 turns).

Peloso the Carver (Minotaur Fighter)               Turns: 10349, Time: 00:21:23

Health: -2/97      AC: 11    Str: 20    XL:     11   Next: 0%
Magic:  10/10      EV: 10    Int:  5    God:    Okawaru [*****.]
Gold:   784        SH:  0    Dex: 12    Spells: 10/10 levels left

rFire    . . .     SeeInvis .   u - +2 great sword (flame)
rCold    . . .     Gourm    .   (shield currently unavailable)
rNeg     + . .     Faith    .   I - +0 chain mail
rPois    .         Spirit   .   (helmet restricted)
rElec    .         Reflect  .   (no cloak)
rCorr    .         Harm     .   (no gloves)
MR       .....                  (no boots)
Stlth    ..........             h - amulet of magic regeneration
HPRegen  0.26/turn              y - ring of positive energy
MPRegen  0.37/turn              G - -2 ring of strength (curse)

@: no status effects
A: retaliatory headbutt, horns 2
a: Heroism, Finesse, Renounce Religion


You were on level 9 of the Dungeon.
You worshipped Okawaru.
Okawaru was extremely pleased with you.
You were not hungry.

You visited 1 branch of the dungeon, and saw 10 of its levels.
You also visited: Ossuary.

You collected 784 gold pieces.

Inventory:

Hand Weapons
 a - a +0 long sword
 u - a +2 great sword of flaming (weapon)
 N - the +8 whip of Luecvah {slash, rElec rF+}
   (You found it on level 9 of the Dungeon)

   It inflicts extra damage upon your enemies.
   It protects you from fire.
   It insulates you from electricity.
Armour
 b - a +0 scale mail
 c - a +1 shield
 I - a +0 chain mail (worn)
Jewellery
 h - an amulet of magic regeneration (around neck)
 y - a ring of positive energy (left hand)
 B - an uncursed ring of wizardry
 G - a cursed -2 ring of strength (right hand)
 Q - an uncursed ring of positive energy
Wands
 g - a wand of flame (33)
 s - a wand of disintegration (19)
 t - a wand of clouds (6)
 E - a wand of digging (17)
 H - a wand of random effects (20)
Scrolls
 j - 8 scrolls of teleportation
 k - 2 scrolls of amnesia {unknown}
 m - 3 scrolls of remove curse
 r - 2 scrolls of fear {unknown}
 v - 3 scrolls of enchant armour
 w - a scroll of enchant weapon
 A - 3 scrolls of noise
 C - 3 scrolls of vulnerability {unknown}
 F - a scroll of blinking {unknown}
 K - a scroll of torment {unknown}
 M - a scroll of magic mapping
 P - a scroll of identify
 R - a scroll of immolation {unknown}
Potions
 d - 3 potions of might
 e - a potion of flight
 i - 5 potions of brilliance
 l - a potion of magic
 n - 2 potions of curing {unknown}
 o - a potion of degeneration {unknown}
 p - 2 potions of heal wounds {unknown}
 q - 2 potions of haste {unknown}
 x - a potion of mutation {unknown}
 z - a potion of experience {unknown}
 D - a potion of berserk rage {unknown}
 J - a potion of invisibility
 L - 2 potions of resistance {unknown}
Comestibles
 f - 14 rations
 O - 4 chunks of flesh


   Skills:
 + Level 9.2 Fighting
 + Level 13.9 Long Blades
 + Level 10.4 Armour
 + Level 4.0 Dodging
 + Level 2.1 Stealth
 + Level 4.4 Shields
 + Level 0.9 Invocations


You had 10 spell levels left.
You didn't know any spells.
Your spell library contained the following spells:

 Spells                   Type           Power        Failure   Level  Hunger
 Freeze                   Ice            #...         98%         1    ##.....
 Sandblast                Erth           #.....       98%         1    ##.....
 Passwall                 Tmut/Erth      #.......     99%         2    ###....
 Throw Frost              Conj/Ice       #.....       99%         2    ###....
 Ozocubu's Armour         Chrm/Ice       #.......     100%        3    ####...
 Stone Arrow              Conj/Erth      #.....       100%        3    ####...
 Petrify                  Tmut/Erth      #.......     100%        4    #####..
 Summon Ice Beast         Ice/Summ       #.......     100%        4    #####..
 Throw Icicle             Conj/Ice       #.......     100%        4    #####..
 Lee's Rapid Deconstruct  Erth           #.........   100%        5    ######.


Dungeon Overview and Level Annotations

Branches:
Dungeon (10/15)            Temple (0/1) D:5
   Lair: D:8-11         Orc: D:9-12

Altars:
Cheibriados
Dithmenos
Elyvilon
Gozag
Kikubaaqudgha
Okawaru
Qazlal
Sif Muna
Trog
Uskayaw
Yredelemnul
Zin
The Shining One

Shops:
D:8 (


Innate Abilities, Weirdness & Mutations

You reflexively headbutt those who attack you in melee.
You have a pair of horns on your head.


Message History

* * * LOW HITPOINT WARNING * * *
The kobold throws a stone.
The stone closely misses you.
The orc priest invokes the aid of Beogh against you.
Beogh smites you!
* * * LOW HITPOINT WARNING * * *
The kobold throws a stone.
The stone barely misses you.
There is a stone staircase leading up here.
Something hits you.
* * * LOW HITPOINT WARNING * * *
The big kobold hits you with a dagger.
* * * LOW HITPOINT WARNING * * *
The kobold throws a stone.
The stone barely misses you.
You climb upwards.
There is a stone staircase leading down here.
Okay, then.
Something hits you.
* * * LOW HITPOINT WARNING * * *
The big kobold hits you but does no damage.
Something hits you.
You die...

###.......#.....##...
#.......#.......#..##
#....................
#..####.#.##.#..#####
#..# #.#.##.+..#.).#
#..# #.#.####..#.≈.#
#..# #.#.# #...#.≈.#
#.K####.#.###...#.≈.#
#.>.@...........#.≈.#
#..####.#.###.#.##'##
#..# #.#.#.....#....
########..#
#.#.#...#.#....
#.........#
#.#.#####.#.#.#
###.####.##
#.......#...#.# #.#
#.#######.###.#####..
#.# #.......#.#
#.###....
#.##########.#.#
#.#.+....


You could see a big kobold.

Vanquished Creatures
  A two-headed ogre (D:10)
  The ghost of antary the Cleaver, a novice MiFi of Yredelemnul (D:9)
  Pikel (D:7)
  A centaur zombie (D:8)
  Joseph (D:7)
  Psyche (D:8)
  2 trolls (D:9)
  Grinder (D:5)
  The ghost of Anmu the Shield-Bearer, an amateur FoFi (D:3)
  3 hippogriffs
  A wyvern (D:8)
  A hungry ghost (D:8)
  The ghost of Goodini51 the Magician, an amateur KoWr (D:3)
  An orc warrior (D:9)
  3 ice beasts (D:5)
  A black bear (D:10)
  A necrophage (D:7)
  A sky beast (D:9)
  3 ogres
  2 phantoms
  6 centaurs
  A bullfrog (D:6)
  2 big kobolds
  A scorpion (D:9)
  5 killer bees (D:9)
  6 howler monkeys (D:9)
  2 crimson imps
  2 quasits
  2 bullfrog zombies
  2 hounds
  3 orc priests
  A gnoll shaman (D:7)
  3 iguanas
  3 orc wizards
  7 worker ants
  A big kobold zombie (Ossuary)
  A hound zombie (D:6)
  2 mummies (Ossuary)
  A worker ant zombie (D:6)
  3 gnolls (D:7)
  15 adders
  2 shadow imps
  An ooze (D:2)
  4 worms
  5 dart slugs
  3 leopard geckos
  16 orcs
  8 bats
  5 giant cockroaches
  4 gnoll zombies (Ossuary)
  5 goblins
  7 hobgoblins
  21 jackals
  5 quokkas
  2 ball pythons
  7 frilled lizards
  A goblin zombie (D:6)
  3 hobgoblin zombies (Ossuary)
  14 kobolds
  6 orc zombies (Ossuary)
  A quokka zombie (D:6)
  7 rats
224 creatures vanquished.

Vanquished Creatures (others)
  An orc (D:7)
  A withered plant (D:3)
2 creatures vanquished.

Grand Total: 226 creatures vanquished

Notes
Turn   | Place    | Note
-------+----------+-------------------------------------------
     0 | D:1      | Peloso the Minotaur Fighter began the quest for the Orb.
     0 | D:1      | Reached XP level 1. HP: 19/19 MP: 0/0
    68 | D:1      | Reached XP level 2. HP: 23/27 MP: 1/1
   313 | D:1      | Reached XP level 3. HP: 33/33 MP: 2/2
   376 | D:1      | Reached skill level 3 in Long Blades
   978 | D:2      | Reached XP level 4. HP: 40/40 MP: 3/3
   992 | D:2      | Reached skill level 4 in Long Blades
  1557 | D:3      | Found a runed gate.
  1557 | D:3      | Found a runed gate.
  1558 | D:3      | Found a runed gate.
  1561 | D:3      | Noticed Goodini51's ghost (amateur KoWr)
  1562 | D:3      | Noticed Anmu's ghost (amateur FoFi)
  2660 | D:4      | Noticed an ogre
  2674 | D:4      | Killed an ogre
  2674 | D:4      | Reached skill level 5 in Long Blades
  2674 | D:4      | Reached XP level 5. HP: 15/46 MP: 4/4
  3065 | D:4      | Found a shadowy altar of Dithmenos.
  3113 | D:4      | Found an iron altar of Okawaru.
  3118 | D:4      | Became a worshipper of Warmaster Okawaru
  3183 | D:4      | Found a hide-covered altar of Uskayaw.
  3244 | D:4      | Found an opulent altar of Gozag.
  3244 | D:4      | Found a glowing silver altar of Zin.
  3476 | D:4      | You fall through a shaft for 2 floors!
  3484 | D:6      | Reached skill level 5 in Armour
  3484 | D:6      | Reached XP level 6. HP: 52/52 MP: 5/5
  3524 | D:6      | Reached skill level 6 in Long Blades
  3524 | D:6      | Reached skill level 1 in Dodging
  3592 | D:6      | Found a sand-covered staircase.
  3598 | D:6      | Reached * piety under Okawaru
  3720 | Ossuary  | Entered an ossuary
  3857 | Ossuary  | Reached XP level 7. HP: 60/60 MP: 6/6
  4108 | D:6      | Reached skill level 7 in Long Blades
  4127 | D:6      | Reached skill level 1 in Stealth
  4632 | D:5      | Entered Level 5 of the Dungeon
  4673 | D:5      | Reached skill level 5 in Fighting
  4673 | D:5      | Reached skill level 8 in Long Blades
  4707 | D:5      | Found a snail-covered altar of Cheibriados.
  4717 | D:5      | Found a deep blue altar of Sif Muna.
  4722 | D:5      | Found a bloodstained altar of Trog.
  4959 | D:5      | Reached ** piety under Okawaru
  4959 | D:5      | Reached XP level 8. HP: 57/68 MP: 7/7
  5099 | D:5      | Found a staircase to the Ecumenical Temple.
  5652 | D:5      | Noticed Grinder
  5652 | D:5      | Paralysed by Grinder for 3 turns
  5674 | D:5      | Killed Grinder
  5674 | D:5      | Reached skill level 9 in Long Blades
  5890 | D:5      | Found an ancient bone altar of Kikubaaqudgha.
  6472 | D:3      | Killed Anmu's ghost
  6474 | D:3      | Killed Goodini51's ghost
  6474 | D:3      | Reached skill level 10 in Long Blades
  6635 | D:7      | Noticed Joseph
  6661 | D:7      | Killed Joseph
  6661 | D:7      | Reached *** piety under Okawaru
  6661 | D:7      | Reached XP level 9. HP: 31/78 MP: 8/8
  6892 | D:7      | Noticed Pikel
  6911 | D:7      | Killed Pikel
  6911 | D:7      | Reached **** piety under Okawaru
  6911 | D:7      | Reached skill level 11 in Long Blades
  6979 | D:7      | Found a stormy altar of Qazlal.
  7305 | D:8      | Found a white marble altar of Elyvilon.
  7324 | D:8      | Found Miarr's Antique Weapon Boutique.
  7382 | D:8      | Reached skill level 12 in Long Blades
  7412 | D:8      | Found a glowing golden altar of the Shining One.
  7459 | D:8      | Noticed Psyche
  7477 | D:8      | Killed Psyche
  7477 | D:8      | Reached XP level 10. HP: 23/88 MP: 9/9
  8051 | D:8      | Noticed an angel
  8056 | D:8      | Found a basalt altar of Yredelemnul.
  8058 | D:8      | Noticed a profane servitor
  8662 | D:9      | Got a shimmering whip
  8663 | D:9      | Identified the +8 whip of Luecvah {slash, rElec rF+} (You
                  | found it on level 9 of the Dungeon)
  8885 | D:9      | Reached skill level 13 in Long Blades
  8903 | D:9      | Found a runed door.
  8906 | D:9      | Noticed antary's ghost (novice MiFi)
  9138 | D:9      | Killed antary's ghost
  9138 | D:9      | Reached ***** piety under Okawaru
  9734 | D:10     | Entered Level 10 of the Dungeon
  9987 | D:10     | Found a basalt altar of Yredelemnul.
 10211 | D:10     | Reached skill level 10 in Armour
 10236 | D:10     | Noticed a two-headed ogre
 10245 | D:10     | Killed a two-headed ogre
 10252 | D:10     | Reached XP level 11. HP: 80/97 MP: 10/10
 10346 | D:10     | HP: 4/97 [something (5)]
 10348 | D:9      | HP: 1/97 [something (2)]
 10349 | D:9      | Slain by an unseen horror

Skill      XL: |  1  2  3  4  5  6  7  8  9 10 |
---------------+-------------------------------+-----
Shields        | 4 |  4.4
Armour         | 4 5 6 7 8 10 | 10.4
Long Blades    | 3 5 6 8 10 12 13 | 13.9
Fighting       | 4 5 6 7 9 |  9.2
Dodging        | 1 3 4 |  4.0
Stealth        | 1 2 |  2.1
Invocations    | |  0.9

Action                   |  1- 3 |  4- 6 |  7- 9 | 10-12 || total
-------------------------+-------+-------+-------+-------++-------
Melee: Long sword        |    89 |    30 |       |       ||   119
       Headbutt          |    10 |    16 |    43 |    25 ||    94
       Great sword       |       |    64 |   193 |   144 ||   401
Invok: Heroism           |       |       |     3 |     2 ||     5
  Use: Scroll            |     2 |     4 |       |     5 ||    11
  Eat: Chunk             |       |     6 |    11 |    10 ||    27
       Ration            |       |     1 |       |       ||     1
Armor: Scale mail        |    47 |    49 |    82 |       ||   178
       Chain mail        |       |       |    14 |   103 ||   117
Dodge: Dodged            |    31 |    54 |   130 |    82 ||   297
Block: Shield            |    60 |     2 |       |       ||    62
       Rpst.: Long sword |     6 |     1 |       |       ||     7
       Great sword       |       |    12 |    31 |    18 ||    61
